Map: El Dorado

Players

GangusKaun

  • Race: Protoss Protoss
  • League: Gold
  • Spawn Location: 7:00

Xerus - Winner!

  • Race: Terran Terran
  • League: Silver
  • Spawn Location: 5:00

VOD

Have the link to the VOD?

Description

Time

  • Played on: Dec. 6, 2024, 3:23 p.m.
  • Length: 11:50
Show
View Real Time Build Order
Export as new Build Order

GangusKaun Protoss 

Build Orders:  

Get SALT Encoding   

  12  0:12  Pylon  
  12  0:16  Probe  
  13  0:28  Probe  
  14  0:32  Gateway  
  14  0:40  Probe  
  15  0:44  Assimilator  
  15  0:52  Probe  
  16  1:04  Probe  
  17  1:22  Probe  
  18  1:30  Cybernetics Core  
  18  1:34  Probe  
  19  1:48  Nexus  
  19  1:55  Pylon  
  19  1:58  Assimilator  
  19  2:06  Adept  
  21  2:16  Warp Gate  
  21  2:19  Probe  
  22  2:42  Probe  
  23  2:50  Probe  
  23  2:58  Twilight Council  
  24  2:59  Probe  
  24  3:02  Probe  
  24  3:03  Shield Battery  
  26  3:10  Probe  
  27  3:14  Probe  
  27  3:19  Robotics Facility  
  28  3:23  Gateway  
  28  3:28  Adept  
  30  3:35  Gateway, Probe  
  31  3:49  Probe x2  
  33  4:01  Probe x2  
  35  4:04  Assimilator  
  35  4:06  Assimilator, Warp Prism  
  35  4:13  Probe  
  38  4:26  Adept x2  
  42  4:45  Dark Shrine  
  42  4:46  Shield Battery  
  40  5:20  Pylon  
  40  5:21  Pylon  
  40  5:23  Shield Battery  
  40  5:33  Dark Shrine  
  40  5:38  Probe x2  
  40  5:47  Stalker x2  
  38  6:04  Cybernetics Core  
  38  6:06  Gateway  
  36  6:22  Pylon  
  36  6:23  Pylon  
  36  6:26  Immortal  
  36  6:29  Shield Battery  
  33  6:46  Stalker  
  25  7:16  Stalker x2  
  25  7:17  Stalker  
  7  7:57  Dark Templar  
  1  10:30  Pylon  
  1  10:45  Pylon  
Show
View Real Time Build Order
Export as new Build Order

Xerus Terran - Winner!

Build Orders: 1/1/1 

Get SALT Encoding   

  12  0:08  Supply Depot  
  12  0:20  Refinery  
  12  0:31  Barracks  
  12  0:36  SCV  
  13  0:47  Refinery  
  13  0:52  SCV  
  14  1:04  SCV  
  15  1:19  Factory  
  15  1:25  SCV  
  16  1:37  SCV  
  17  1:49  Barracks Tech Lab, SCV  
  18  2:02  Starport  
  18  2:21  Siege Tank  
  21  2:39  Fusion Core  
  21  2:45  Orbital Command  
  21  3:26  Battlecruiser  
  27  3:46  Supply Depot  
  27  3:50  Marine  
  27  3:52  Bunker  
  28  3:57  SCV  
  29  4:08  Marine  
  29  4:09  SCV  
  31  4:19  Engineering Bay  
  31  4:26  Marine  
  32  4:44  Marine  
  33  5:11  Battlecruiser  
  39  5:51  Weapon Refit  
  38  6:09  Command Center  
  37  6:16  Supply Depot  
  37  6:17  Supply Depot  
  37  7:17  Battlecruiser  
  43  8:56  Missile Turret  
  43  8:58  Missile Turret  
  43  8:59  Missile Turret  
  43  9:00  Missile Turret  
  32  9:17  Missile Turret  
  32  9:19  Missile Turret  
  32  9:21  Orbital Command  
  32  9:23  Missile Turret  
  20  9:50  Orbital Command  
  19  11:25  SCV  
  20  11:32  SCV  
  21  11:37  SCV  
Tags
 
Matchup
PvT
Opening
1/1/1
Spawn Locations
Close Positions
Add a new tag
Caveats
  • Supply blocks, unpowered buildings, or Contaminate may cause inaccurate times.
  • Supply counts are checked every 10 seconds.